cohdb
Replays
Latest Replays
All Replays
Popular Replays
Top Player Replays
Match Explorer
How It Works
Community
CoH3 Stats
Reddit
Sign in to upload your games and track your stats! →
Sign in with Steam
Match 47032206
Unlisted
Match 47032206
Overview
Messages
Build Orders
End
Pioneer Squad
Construct Infanterie Kompanie
Grenadier Squad
Grenadier Squad
MG 42 Machine Gun Team
Grenadier Squad
Pioneer Squad
Construct Panzergrenadier Kompanie
Pioneer Squad
Selects Mechanized Battlegroup
Selects Raid Package
251 Medium Carrier
Selects 8 Rad Armored Car
8 Rad Armored Car
mentoss
niewiem94851
0
0
Comments
sign in to comment!
No comments posted yet!